 Dungeon Crawl Stone Soup version 0.29.1-12-g30fa7ad0bf (webtiles) character file.

Game seed: 10696288250557476188

78790 cheesebisquit the Severer (level 15, -11/145 HPs)
             Began as a Minotaur Berserker on Jan 14, 2023.
             Was an Elder of Trog.
             Mangled by an orc knight
             ... wielding a +0 bardiche
              (14 damage)
             ... on level 2 of the Orcish Mines.
             The game lasted 01:26:38 (21899 turns).

cheesebisquit the Severer (Minotaur Berserker)     Turns: 21899, Time: 01:26:39

Health: -11/145    AC: 27    Str: 28    XL:     15   Next: 19%
Magic:  14/14      EV: 10    Int:  7    God:    Trog [****..]
Gold:   946        SH:  0    Dex: 14    Spells: 14/14 levels left

rFire   . . .      SeeInvis +   a - +8 battleaxe of Coquotew {freeze, rC- rN+++ Dex+3 Stlth+}
rCold   + . .      Faith    .   (shield currently unavailable)
rNeg    + + +      Spirit   .   Z - +2 storm dragon scales
rPois   .          Reflect  .   V - +1 hat {Int+3}
rElec   +          Harm     .   I - +1 cloak
rCorr   .          Rampage  .   s - +1 pair of gloves
Will    ++++.                   J - +0 pair of boots of Paranoia {rC+ Will+}
Stlth   ..........              g - amulet of regeneration
HPRegen 2.14/turn               A - ring of see invisible
MPRegen 0.14/turn               h - ring of protection from cold

@: strong-willed, on berserk cooldown, regenerating, hasted and slowed
A: horns 2, retaliatory headbutt
a: Renounce Religion, Berserk, Trog's Hand, Brothers in Arms


You were on level 2 of the Orcish Mines.
You worshipped Trog.
Trog was greatly pleased with you.
You visited 3 branches of the dungeon, and saw 19 of its levels.
You also visited: Sewer and Ice Cave.

You collected 2344 gold pieces.
You spent 1398 gold pieces at shops.

Inventory:

Hand Weapons
 a - the +8 battleaxe of Coquotew (weapon) {freeze, rC- rN+++ Dex+3 Stlth+}
   (You bought it in a shop on level 8 of the Dungeon)

   It freezes those it strikes, dealing additional cold damage.
   It can also slow down cold-blooded creatures.
   Dex:       It affects your dexterity (+3).
   rC:        It makes you vulnerable to cold.
   rN:        It renders you almost immune to negative energy.
   Stlth:     It makes you more stealthy.
 b - a +2 morningstar of freezing
 P - a +0 war axe
Missiles
 f - 3 atropa-tipped darts
 q - 143 stones
 y - 49 poisoned darts (quivered)
 L - 7 curare-tipped darts
Armour
 s - a +1 pair of gloves (worn)
 I - a +1 cloak (worn)
 J - the +0 pair of boots of Paranoia (worn) {rC+ Will+}
   (You acquired it on level 1 of the Lair of Beasts)

   rC:        It protects you from cold.
   Will:      It increases your willpower.
 V - a +1 hat of intelligence (worn)
 Z - +2 storm dragon scales (worn)
Jewellery
 g - an amulet of regeneration (around neck)
 h - a ring of protection from cold (right hand)
 j - the ring of Icamam {Ice Will+ rCorr Str-3}
   (You found it in an ice cave)

   [ring of ice]

   It enhances your ice magic.
   Str:       It affects your strength (-3).
   rF:        It makes you vulnerable to fire.
   rC:        It protects you from cold.
   rCorr:     It protects you from acid and corrosion.
   Will:      It increases your willpower.
 l - a ring of magical power
 A - a ring of see invisible (left hand)
 E - an amulet of guardian spirit
 N - an amulet of the acrobat
 R - a ring of ice
 W - the ring "Zefalo" {Ice rPois}
   (You found it in an ice cave)

   [ring of ice]

   It enhances your ice magic.
   rF:        It makes you vulnerable to fire.
   rC:        It protects you from cold.
   rPois:     It protects you from poison.
 Y - a ring of fire
Wands
 e - a wand of acid (10)
 H - a wand of flame (38)
 Q - a wand of roots (13)
 U - a wand of digging (5)
Scrolls
 d - 4 scrolls of butterflies
 m - 2 scrolls of poison
 p - 4 scrolls of magic mapping
 r - 9 scrolls of teleportation
 u - 3 scrolls of vulnerability
 v - 2 scrolls of enchant weapon
 C - 3 scrolls of blinking
 D - a scroll of brand weapon
 K - a scroll of torment
 O - a scroll of fear
 X - a scroll of immolation {unknown}
Potions
 c - 4 potions of lignification
 i - 2 potions of berserk rage
 k - 2 potions of haste
 n - a potion of attraction
 o - 8 potions of curing
 t - 2 potions of flight
 x - a potion of mutation
 z - 4 potions of invisibility
 B - 2 potions of cancellation
 F - a potion of ambrosia
 G - 2 potions of resistance
 S - 3 potions of magic


   Skills:
 + Level 16.6 Fighting
 - Level 20.0 Axes
 + Level 16.4 Armour
 - Level 2.6 Dodging
 - Level 11.5 Shields


You had 14 spell levels left.
You didn't know any spells.
Your spell library was empty.

Dungeon Overview and Level Annotations

Branches:
Dungeon (12/15)            Temple (0/1) D:6            Lair (5/5) D:9
 Shoals (0/4) Lair:3        Snake (0/4) Lair:2        Slime (0/5) Lair:4
    Orc (2/2) D:9           Sewer (visited)           IceCv (visited)
    Elf: Orc:2

Altars:
Ashenzari
Cheibriados
Fedhas
Hepliaklqana
Kikubaaqudgha
Makhleb
Okawaru
Qazlal
Uskayaw
Vehumet
Xom
Yredelemnul
The Shining One
Jiyva

Shops:
D:4 [   D:5 *   D:7 !   D:8 *(

Annotations:
D:5 2 transporters, ZoeForever1's ghost, novice MiFi
D:11 2 runed translucent doors, Dvallin's ghost, journeyman KoFi
Lair:2 2 transporters, fitz's ghost, journeyman HOFi
Orc:1 3 runed translucent doors, Ullipcorian's ghost, adept MfGl
Orc:2 Blork the orc


Innate Abilities, Weirdness & Mutations

You have a pair of horns on your head.
You reflexively headbutt those who attack you in melee.


Message History

The orc priest looks satisfied for a moment.
The orc warrior closely misses you. The orc closely misses you.
The orc warrior no longer looks unusually strong.
The orc warrior hits you but does no damage.
The orc warrior attacks as you move away!
The orc warrior hits you but does no damage.
You feel less invigorated.
You feel less confused.
Your skin stops crawling.
You feel less strong-willed.
Blork the orc hits you from afar with a +0 halberd!
Blork the orc hits you but does no damage.
The orc knight roars a battlecry!
The orc warrior goes into a battle-frenzy!
Blork the orc looks braver for a moment.
The orc warrior closely misses you. The orc warrior barely misses you.
You furiously retaliate!
You headbutt the orc warrior!
Your skin crawls.
You feel strong-willed.
The orc no longer looks unusually strong.
Blork the orc hits you from afar with a +0 halberd.
The orc warrior hits you with a +0 long sword.
The orc knight hits you but does no damage.
The orc warrior hits you but does no damage.
Blork the orc closely misses you.
You feel yourself speed up.
The orc no longer looks unusually strong.
Blork the orc barely misses you.
The orc warrior hits you with a +0 long sword!
* * * LOW HITPOINT WARNING * * *
The orc priest mumbles some strange prayers to Beogh against you.
Beogh smites you!
* * * LOW HITPOINT WARNING * * *
The orc knight hits you from afar with a +0 bardiche!
* * * LOW HITPOINT WARNING * * *
The orc warrior hits you with a +0 hand axe!
* * * LOW HITPOINT WARNING * * *
Blork the orc hits you but does no damage.
The orc warrior closely misses you. You furiously retaliate!
You headbutt the orc warrior. The orc hits you but does no damage. x2
The orc knight hits you from afar with a +0 bardiche!
You die...

#..)).# #)))).#
#8)).8# #)))..#
#..)..#
###).o.###
##..ooo.#.##
#$...#ooo..#
##.####@o..#
##.#.......#
##..........#
##......###.##
#...)....# ##
##.#......## ...
##..........# ..
#...........#
.###
##...........###


You could see an orc knight, Blork the orc (fast, strong), 2 orc warriors, an
orc priest (strong), an orc wizard (strong) and 2 orcs.

Vanquished Creatures
  2 azure jellies (IceCv)
  An orc warlord (Orc:2)
  12 hydras
  3 boulder beetles
  A centaur warrior (D:10)
  2 catoblepae
  A deep troll shaman (Lair:5)
  4 two-headed ogres
  17 death yaks
  Pikel (D:8)
  2 orc sorcerers (Orc:2)
  2 lindwurms
  4 orc knights
  An ugly thing (D:10)
  Joseph (D:7)
  17 elephants
  Maurice (D:8)
  3 black mambas
  2 ice statues (IceCv)
  Maggie (D:7)
  6 rime drakes
  11 cane toads
  A torpor snail (Lair:5)
  Psyche (D:8)
  9 komodo dragons
  An efreet (D:10)
  An unseen horror skeleton (D:9)
  7 trolls
  22 slime creatures
  3 blink frogs (Lair:2)
  Prince Ribbit (D:7)
  2 shadows (D:10)
  43 yaks
  6 wyverns
  3 vampires
  4 wraiths
  7 basilisks
  Menkaure (D:7)
  4 steam dragons
  3 vampire mosquitoes (D:11)
  3 wargs
  2 acid dragons
  6 nagas (Lair:2)
  21 water moccasins
  9 black bears
  4 ice beasts
  7 great orb of eyes simulacra (IceCv)
  24 orc warriors
  A sky beast (D:7)
  9 ogres
  13 wolves
  10 centaurs
  A phantom (D:6)
  A slime creature simulacrum (IceCv)
  4 lemures (D:8)
  5 kobold brigands
  14 bullfrogs
  3 necrophages
  2 gnoll sergeants (D:9)
  3 glowing shapeshifter simulacra (IceCv)
  2 scorpions
  6 wights
  4 killer bees (D:11)
  3 howler monkeys
  2 centaur zombies (D:9)
  4 hounds
  A jelly (D:5)
  14 orc priests
  4 iguanas
  17 orc wizards
  Natasha (thrice) (D:3)
  A spectral killer bee (D:9)
  4 shapeshifter simulacra (IceCv)
  A killer bee zombie (D:9)
  14 gnolls
  14 adders
  2 shadow imps
  2 white imps
  2 ufetubi
  A worm (shapeshifter) (D:10)
  2 worms
  5 dart slugs
  50 orcs
  15 endoplasms
  19 giant cockroaches
  10 hobgoblins
  3 jackals (D:1)
  10 kobolds
  11 quokkas
  11 ball pythons
  10 bats
  11 frilled lizards
  7 goblins
  5 rats
626 creatures vanquished.

Vanquished Creatures (collateral kills)
  2 orc warriors (D:9)
  An ogre (D:9)
  A gnoll sergeant (D:9)
  2 gnolls (D:9)
  An orc (D:9)
7 creatures vanquished.

Vanquished Creatures (others)
  A slime creature (IceCv)
  An orc priest (Orc:2)
  22 fungi
  35 plants
59 creatures vanquished.

Grand Total: 692 creatures vanquished

Notes
Turn   | Place    | Note
-------+----------+-------------------------------------------
     0 | D:1      | cheesebisquit the Minotaur Berserker began the quest for
                  | the Orb.
     0 | D:1      | Reached XP level 1. HP: 19/19 MP: 0/0
   182 | D:1      | Reached XP level 2. HP: 24/27 MP: 1/1
   475 | D:1      | Reached skill level 4 in Axes
   672 | D:1      | Found a faded altar of an unknown god.
   859 | D:2      | Reached XP level 3. HP: 33/33 MP: 2/2
   908 | D:2      | Reached ** piety under Trog
  1097 | D:2      | Reached skill level 5 in Axes
  1100 | D:2      | Reached XP level 4. HP: 38/40 MP: 3/3
  1771 | D:3      | Noticed Natasha
  1780 | D:3      | Killed Natasha
  1781 | D:3      | Reached skill level 6 in Axes
  1940 | D:3      | Noticed Natasha
  1946 | D:3      | Killed Natasha
  1947 | D:3      | Reached XP level 5. HP: 43/46 MP: 4/4
  2196 | D:3      | Noticed Natasha
  2205 | D:3      | Killed Natasha
  2205 | D:3      | Reached *** piety under Trog
  2244 | D:3      | Found a basalt altar of Yredelemnul.
  2300 | D:3      | Reached skill level 7 in Axes
  2354 | D:3      | Found a glowing golden altar of the Shining One.
  2657 | D:3      | Reached XP level 6. HP: 42/52 MP: 5/5
  2981 | D:4      | Reached skill level 8 in Axes
  3196 | D:4      | Found Uran's Armour Shoppe.
  3313 | D:4      | Bought a +0 pair of boots for 58 gold pieces
  3443 | D:4      | Found a burning altar of Makhleb.
  3500 | D:4      | Found an ancient bone altar of Kikubaaqudgha.
  4197 | D:4      | Reached skill level 9 in Axes
  4312 | D:5      | Entered Level 5 of the Dungeon
  4436 | D:5      | Reached XP level 7. HP: 56/59 MP: 6/6
  4905 | D:5      | Found Orab's Fire Supplies.
  4944 | D:5      | Reached skill level 10 in Axes
  5102 | D:5      | Found a transporter.
  5159 | D:5      | Reached skill level 11 in Axes
  5286 | D:5      | Noticed ZoeForever1's ghost (novice MiFi)
  5287 | D:5      | Found a transporter.
  5362 | D:5      | Found a broken altar of Ashenzari.
  5362 | D:5      | Found a shimmering altar of Xom.
  5372 | D:5      | Reached XP level 8. HP: 65/66 MP: 7/7
  5605 | D:6      | Found a staircase to the Ecumenical Temple.
  5692 | D:6      | Found a glowing drain.
  5714 | Sewer    | Entered a sewer
  5798 | Sewer    | Reached **** piety under Trog
  5951 | Sewer    | Reached skill level 12 in Axes
  6274 | D:6      | Reached ***** piety under Trog
  6777 | D:6      | Found an iron altar of Okawaru.
  6904 | D:7      | Noticed Prince Ribbit
  6904 | D:7      | Noticed Joseph
  6910 | D:6      | Reached skill level 13 in Axes
  7007 | D:7      | Found a hide-covered altar of Uskayaw.
  7007 | D:7      | Found a radiant altar of Vehumet.
  7007 | D:7      | Found a blossoming altar of Fedhas.
  7007 | D:7      | Found a hazy altar of Hepliaklqana.
  7427 | D:7      | Noticed Maggie
  7441 | D:7      | Killed Maggie
  7442 | D:7      | Reached skill level 14 in Axes
  7442 | D:7      | Reached XP level 9. HP: 53/71 MP: 8/8
  7533 | D:7      | Found a stormy altar of Qazlal.
  7641 | D:7      | Reached skill level 15 in Axes
  7754 | D:7      | Killed Joseph
  7908 | D:7      | Found Ricziceo's Distillery.
  7917 | D:7      | Bought a potion of ambrosia for 88 gold pieces
  7917 | D:7      | Bought a potion of invisibility for 88 gold pieces
  7917 | D:7      | Bought a potion of might for 44 gold pieces
  7917 | D:7      | Bought a potion of haste for 110 gold pieces
  7959 | D:7      | Noticed Menkaure
  7964 | D:7      | Killed Menkaure
  8074 | D:7      | Reached skill level 16 in Axes
  8389 | D:7      | Reached skill level 1 in Shields
  8553 | D:7      | Killed Prince Ribbit
  8681 | D:8      | Found Kiowk's Weapon Shoppe.
  8693 | D:8      | Found a snail-covered altar of Cheibriados.
  8718 | D:8      | Found Noseighi's Neck Hole.
  8807 | D:8      | Noticed Pikel
  8835 | D:8      | Killed Pikel
  8836 | D:8      | Reached skill level 5 in Fighting
  8836 | D:8      | Reached XP level 10. HP: 81/81 MP: 7/9
  9002 | D:8      | Noticed Maurice
  9014 | D:8      | Killed Maurice
  9015 | D:8      | Reached skill level 5 in Armour
  9288 | D:8      | Noticed Psyche
  9297 | D:8      | Killed Psyche
  9870 | D:9      | Found a staircase to the Lair.
  9971 | D:9      | Reached skill level 5 in Shields
 10376 | D:9      | Found a staircase to the Orcish Mines.
 10436 | D:9      | Reached XP level 11. HP: 44/94 MP: 4/10
 10915 | D:9      | Noticed a two-headed ogre
 10934 | D:9      | Killed a two-headed ogre
 11259 | D:10     | Entered Level 10 of the Dungeon
 11348 | D:10     | Noticed a boulder beetle
 11348 | D:10     | Noticed a purple ugly thing
 11361 | D:10     | Noticed a centaur warrior
 11361 | D:10     | Noticed a seven-headed hydra
 11376 | D:10     | Killed a boulder beetle
 11380 | D:10     | Killed a purple ugly thing
 11385 | D:10     | Killed a centaur warrior
 11678 | D:8      | Bought a +2 morningstar of freezing for 192 gold pieces
 11699 | D:9      | Killed a seven-headed hydra
 11847 | D:10     | Reached skill level 10 in Fighting
 12038 | D:10     | Noticed a two-headed ogre
 12059 | D:10     | Killed a two-headed ogre
 12060 | D:10     | Reached skill level 10 in Armour
 12112 | D:10     | Noticed a two-headed ogre
 12119 | D:10     | Killed a two-headed ogre
 12460 | D:10     | Reached XP level 12. HP: 98/108 MP: 11/11
 13026 | D:11     | Reached skill level 10 in Shields
 13143 | D:11     | Found a large runed translucent door.
 13245 | D:11     | Found a large runed translucent door.
 13247 | D:11     | Noticed Dvallin's ghost (journeyman KoFi)
 14062 | D:12     | Noticed a two-headed ogre
 14079 | D:12     | Killed a two-headed ogre
 14244 | D:12     | Noticed a boulder beetle
 14265 | D:12     | Killed a boulder beetle
 15221 | Lair:1   | Entered Level 1 of the Lair of Beasts
 15603 | D:8      | Bought the +8 battleaxe of Coquotew {freeze, rC- rN+++
                  | Dex+3 Stlth+} for 818 gold pieces
 15915 | Lair:1   | Identified a scroll of acquirement
 15916 | Lair:1   | Acquired the +0 pair of boots of Paranoia {rC+ Will+}
 16600 | Lair:2   | Reached skill level 17 in Axes
 16608 | Lair:2   | Noticed fitz's ghost (journeyman HOFi)
 16609 | Lair:2   | Found a transporter.
 16613 | Lair:2   | Found a transporter.
 16715 | Lair:2   | Noticed a seven-headed hydra
 16731 | Lair:2   | Killed a ten-headed hydra
 16736 | Lair:2   | Reached XP level 13. HP: 94/118 MP: 12/12
 16951 | Lair:2   | Found a staircase to the Snake Pit.
 17356 | Lair:3   | Reached skill level 18 in Axes
 17494 | Lair:3   | Found a staircase to the Shoals.
 17756 | Lair:3   | Reached skill level 19 in Axes
 18393 | Lair:4   | Found a staircase to the Slime Pits.
 18393 | Lair:4   | Found a viscous altar of Jiyva.
 18625 | Lair:4   | Reached skill level 20 in Axes
 19339 | Lair:5   | Entered Level 5 of the Lair of Beasts
 19369 | Lair:5   | Reached XP level 14. HP: 129/129 MP: 13/13
 19380 | Lair:5   | Found a frozen archway.
 19396 | IceCv    | Entered an ice cave
 19488 | IceCv    | Got the ring of Icamam {Ice Will+ rCorr Str-3}
 19705 | IceCv    | Noticed an azure jelly
 19707 | IceCv    | Noticed an azure jelly
 19713 | IceCv    | Killed an azure jelly
 19717 | IceCv    | Killed an azure jelly
 19718 | IceCv    | Found a viscous altar of Jiyva.
 19738 | IceCv    | Got the ring "Zefalo" {Ice rPois}
 20349 | Lair:5   | Reached skill level 15 in Fighting
 20377 | Lair:5   | Reached skill level 15 in Armour
 20854 | Lair:5   | Reached XP level 15. HP: 133/144 MP: 14/14
 21155 | Orc:1    | Entered Level 1 of the Orcish Mines
 21236 | Orc:1    | Found a runed translucent gate.
 21445 | Orc:1    | Found a runed translucent gate.
 21445 | Orc:1    | Found a runed translucent gate.
 21447 | Orc:1    | Noticed Ullipcorian's ghost (adept MfGl)
 21448 | Orc:1    | Noticed an orc warlord
 21448 | Orc:1    | Identified the +6 ring mail of Protective Custody {-Cast
                  | rF+ Str+2}
 21451 | Orc:1    | Found an iron altar of Okawaru.
 21657 | Orc:2    | Entered Level 2 of the Orcish Mines
 21866 | Orc:2    | Noticed an orc warlord
 21882 | Orc:2    | Noticed Blork the orc
 21886 | Orc:2    | Killed an orc warlord
 21886 | Orc:2    | HP: 4/217 [orc priest/divine providence (15)]
 21899 | Orc:2    | HP: 3/145 [orc warrior/+0 hand axe (17)]
 21899 | Orc:2    | Mangled by an orc knight

Illustrated notes

Levels and vault maps discovered:
D:1:      dpeg_arrival_boxorama, layout_rooms,
          dreamdust_ecumenical_altar_angels_and_demons, minmay_pentomino_v2
D:2:      layout_loops_ring, kennysheep_generic_room_4
D:3:      layout_rooms, nicolae_tso_carved_into_rock,
          mainiacjoe_overflow_concentric_impassable, corexii_corridor_pit,
          minmay_fountain_box, kennysheep_cluttered_room,
          minmay_misc_feat_more_columns, hangedman_decor_points,
          kennysheep_generic_room_6, uniq_natasha
D:4:      layout_basic, mainiacjoe_overflow_alcove_2, general_overflow_altar,
          serial_shops, nicolae_square_shop
D:5:      layout_loops_ring, nicolae_overflow_two_pavilions,
          gammafunk_ghost_mausoleum, nicolae_shop_fire_sale
          [nicolae_sub_dead_trees], corexii_leaking_fountain, solitary_fountain
D:6:      layout_gridville, nicolae_overflow_hidden_temple,
          minmay_temple_entry_slanted, cheibrodos_sewer_entry_bend,
          hangedman_decor_clover_reticule, hangedman_decor_slide_cut
D:7:      layout_basic, nicolae_qazlal_eye_of_the_storm,
          grunt_temple_overflow_open, serial_corexii_hall,
          corexii_hall_statues_l, corexii_hall_statues_l, serial_shops, shop,
          uniq_prince_ribbit1, uniq_joseph, uniq_menkaure, uniq_maggie
D:8:      layout_basic, kennysheep_slug_shrine, serial_shops,
          nicolae_stop_n_shop_1, nicolae_shop_sticking_my_neck_out,
          uniq_maurice, uniq_pikel, uniq_psyche
D:9:      layout_loops_ring, minmay_lair_entry_grove,
          kennysheep_orc_monster_closet_entryway, hangedman_weighted_door
D:10:     minmay_the_grid_octo_triangle [minmay_the_grid_octo_clover,
          minmay_the_grid_octo_prize_square_snowflake,
          minmay_the_grid_octo_clover_2], layout_irregular_city
D:11:     layout_basic, ebering_ghost_disaster_area, corexii_hall_statues_t,
          chequers_serial_rivers_room_b
D:12:     layout_roguey
Lair:1:   layout_misc_corridors, minmay_stone_trees_small, lemuel_fruit_fields
Lair:2:   layout_hall_layers, minmay_snake_entry_guardpost_medium,
          gammafunk_ghost_arena, beast_lair_carwin_1
Lair:3:   layout_loops_ring, elwin_shoals_entry_rocks, serial_bayou_shore_b
Lair:4:   layout_cave_pods, slime_entry_1, grunt_megastairs_5
Lair:5:   grunt_lair_end_beastmaster, layout_gridlike,
          portal_ice_cave_entry_pillars_1, serial_bayou_pond_b,
          grunt_megastairs_3, lemuel_fruit_tree, lemuel_fruit_fields
Orc:1:    layout_diamond_mine, gammafunk_ghost_fury_of_okawaru
Orc:2:    grunt_orc_cross, layout_diamond_mine

Skill      XL: |  1  2  3  4  5  6  7  8  9 10 11 12 13 14 15 |
---------------+----------------------------------------------+-----
Axes           | 4 5 6 7 9 11 14 16 17 20 | 20.0
Fighting       | 4 5 8 10 12 13 16 | 16.6
Armour         | 4 7 10 12 13 15 16 | 16.4
Shields        | 3 6 9 11 | 11.5
Dodging        | |  2.6

Action                   |  1- 3 |  4- 6 |  7- 9 | 10-12 | 13-15 || total
-------------------------+-------+-------+-------+-------+-------++-------
Melee: Hand axe          |    79 |   168 |    50 |       |       ||   297
       Headbutt          |     6 |    23 |    61 |   118 |   128 ||   336
       Punch             |     1 |       |       |       |       ||     1
       War axe           |       |       |   299 |   494 |       ||   793
       Morningstar       |       |       |       |     7 |    28 ||    35
       Battleaxe         |       |       |       |    57 |   469 ||   526
Throw: Stone             |       |     1 |       |       |       ||     1
Invok: Trog's Hand       |       |       |     6 |    15 |    24 ||    45
       Berserk           |       |       |     4 |    13 |    18 ||    35
       Brothers in Arms  |       |       |       |     1 |       ||     1
Evoke: Wand              |       |       |       |       |     2 ||     2
  Use: Scroll            |       |       |    18 |    11 |     5 ||    34
       Potion            |       |       |     2 |    11 |     2 ||    15
 Stab: Petrifying        |       |       |       |       |     1 ||     1
       Petrified         |       |       |       |       |     1 ||     1
Armor: Animal skin       |     4 |       |       |       |       ||     4
       Scale mail        |    18 |       |       |       |       ||    18
       Chain mail        |    13 |    80 |   164 |    88 |       ||   345
       Plate armour      |       |       |       |   311 |   246 ||   557
       Storm dragon scal |       |       |       |       |    57 ||    57
Dodge: Dodged            |    65 |    70 |   125 |   225 |   188 ||   673
Block: Buckler           |     1 |    18 |    27 |   143 |       ||   189
